Map: Emerald City LE

Players

NeZlamnyy

  • Race: Zerg Zerg
  • League: Platinum
  • Spawn Location: 5:00

CCCР

  • Race: Terran Terran
  • League: Diamond
  • Spawn Location: 5:00

qqq - Winner!

  • Race: Zerg Zerg
  • League: Platinum
  • Spawn Location: 11:00

Massa - Winner!

  • Race: Terran Terran
  • League: Platinum
  • Spawn Location: 11:00

VOD

Have the link to the VOD?

Description

Time

  • Played on: Jan. 16, 2021, 6:28 a.m.
  • Length: 11:41
Show
View Real Time Build Order
Export as new Build Order

NeZlamnyy Zerg 

Build Orders: Hatch First 

Get SALT Encoding   

  12  0:00  Drone  
  13  0:12  Overlord  
  13  0:20  Drone  
  14  0:30  Drone x2  
  17  0:42  Drone  
  17  1:04  Drone x2  
  17  1:08  Hatchery  
  18  1:17  Spawning Pool  
  17  1:19  Extractor  
  17  1:20  Drone  
  17  1:26  Drone  
  18  1:33  Drone  
  19  1:50  Overlord  
  19  2:04  Queen  
  19  2:06  Zergling x2  
  22  2:09  Zergling x2  
  22  2:12  Zergling x2  
  24  2:23  Drone x2  
  24  2:24  Queen  
  24  2:25  Metabolic Boost  
  28  2:37  Zergling x4  
  30  2:45  Drone  
  30  2:46  Drone  
  32  2:52  Overlord  
  32  2:58  Drone  
  33  3:10  Zergling x2  
  33  3:11  Zergling x2  
  35  3:21  Zergling x8  
  35  3:24  Lair  
  39  3:33  Baneling Nest  
  27  4:04  Zergling x10  
  27  4:05  Zergling x6  
  27  4:06  Overlord  
  35  4:15  Spine Crawler  
  35  4:16  Spine Crawler  
  33  4:17  Spine Crawler  
  33  4:23  Drone x2  
  34  4:25  Centrifical Hooks  
  34  4:30  Baneling x2  
  22  4:56  Spine Crawler  
  22  4:57  Spine Crawler  
  20  5:17  Zergling x2  
  20  5:18  Zergling x12  
  20  5:19  Queen  
  20  5:20  Queen  
  29  5:26  Spore Crawler  
  29  5:28  Zergling x2  
  29  5:37  Baneling  
  29  5:38  Baneling x3  
  29  5:39  Baneling x2  
  29  5:43  Zergling x8  
  29  5:49  Spore Crawler  
  30  6:11  Spore Crawler  
  30  6:15  Spore Crawler  
  22  6:34  Zergling x6  
  22  6:35  Zergling x6  
  22  6:39  Baneling x4  
  25  6:40  Baneling  
  25  6:49  Spore Crawler  
  19  7:22  Hatchery  
  15  7:41  Baneling x2  
  15  7:44  Zergling x12  
  21  7:53  Burrow  
  21  7:56  Drone  
  22  8:04  Baneling x4  
  22  8:26  Drone  
  23  8:27  Drone x2  
  25  8:35  Zergling x4  
  25  8:41  Drone  
  21  9:26  Infestation Pit  
  21  9:29  Hatchery  
  19  9:40  Extractor  
  19  9:43  Hydralisk Den  
  15  9:47  Roach Warren  
  14  9:56  Pneumatized Carapace  
  14  10:14  Drone x4  
  14  10:19  Drone  
  19  10:25  Infestor  
  21  10:51  Infestor  
Show
View Real Time Build Order
Export as new Build Order

CCCР Terran 

Build Orders: Reaper Expand 

Get SALT Encoding   

  12  0:01  SCV  
  13  0:13  SCV  
  14  0:22  Supply Depot  
  14  0:26  SCV  
  15  0:43  SCV  
  15  0:47  Barracks  
  16  0:53  Refinery  
  16  0:56  SCV  
  17  1:08  SCV  
  18  1:20  SCV  
  18  1:40  Orbital Command  
  18  1:47  Command Center  
  18  1:54  Refinery  
  18  1:59  Reaper  
  19  2:10  SCV  
  19  2:13  Supply Depot  
  20  2:22  SCV  
  20  2:34  SCV  
  20  2:36  Factory  
  21  2:46  SCV  
  21  2:50  Barracks Reactor  
  22  2:57  Barracks  
  22  2:58  SCV  
  23  3:11  SCV  
  24  3:23  SCV  
  24  3:26  Starport  
  25  3:35  SCV  
  25  3:38  Hellion x2  
  25  3:40  Orbital Command  
  30  3:46  Marine x2  
  30  3:48  SCV  
  32  3:59  Hellion x2  
  36  4:03  Marine  
  36  4:04  SCV, Marine  
  36  4:09  SCV  
  40  4:14  Medivac  
  40  4:16  SCV  
  43  4:21  Hellion, Marine  
  43  4:22  Supply Depot  
  46  4:30  Marine  
  46  4:34  Hellion  
  44  4:44  Marine  
  38  4:48  Marine  
  30  4:57  Hellion  
  30  4:58  Hellion  
  30  4:59  Liberator  
  35  5:09  Marine x2  
  35  5:10  Supply Depot  
  37  5:19  Hellion x2  
  40  5:27  Marine x2  
  36  5:40  Hellion  
  36  5:42  Viking  
  37  5:44  Marine  
  37  5:45  Marine  
  36  5:53  SCV  
  36  5:55  Orbital Command  
  36  6:02  Marine x2  
  37  6:05  SCV  
  34  6:12  Medivac  
  34  6:17  SCV  
  30  6:20  Marine x2  
  29  6:29  SCV  
  26  7:07  Starport Tech Lab  
  25  7:32  SCV  
  26  7:53  Marine x2  
  29  7:58  SCV  
  27  8:12  Marine  
  28  8:20  Marine  
  29  8:33  Raven  
  13  8:59  SCV  
  13  9:01  Orbital Command  
  14  9:09  Widow Mine x2  
  18  9:12  SCV  
  19  9:21  Raven  
  21  9:34  SCV  
  22  9:41  Widow Mine  
  22  9:42  Widow Mine  
  26  10:01  Marine x2  
  3  10:58  Command Center  
Show
View Real Time Build Order
Export as new Build Order

qqq Zerg - Winner!

Build Orders: Hatch First 

Get SALT Encoding   

  12  0:04  Drone  
  13  0:10  Drone  
  14  0:26  Overlord  
  14  0:46  Hatchery  
  13  0:52  Drone  
  13  0:54  Drone  
  15  1:08  Drone x2  
  17  1:36  Extractor, Spawning Pool  
  15  1:42  Extractor  
  15  1:45  Drone x3  
  18  1:47  Extractor  
  18  2:00  Drone  
  19  2:03  Drone  
  20  2:23  Zergling x4  
  20  2:24  Queen  
  20  2:25  Queen  
  20  2:26  Drone x2  
  28  2:35  Overlord  
  28  2:40  Metabolic Boost  
  28  2:46  Overlord  
  28  2:54  Zergling x2  
  28  2:57  Zergling x6  
  32  3:17  Zergling x4  
  32  3:18  Zergling x2  
  34  3:21  Baneling Nest  
  33  3:28  Zergling x4  
  35  3:38  Zergling x2  
  35  3:39  Zergling x2  
  36  4:00  Zergling x2  
  36  4:01  Zergling x6  
  40  4:07  Zergling x2  
  40  4:08  Zergling x6  
  44  4:12  Overlord x2  
  44  4:15  Baneling x4  
  44  4:18  Overlord  
  44  4:19  Overlord  
  36  4:41  Zergling x6  
  36  4:42  Zergling x6  
  36  4:43  Zergling x4  
  39  4:57  Zergling x2  
  39  4:58  Zergling x8  
  40  5:07  Lair  
  38  5:22  Zergling x8  
  38  5:23  Zergling x4  
  43  5:29  Zergling x2  
  43  5:35  Zergling x4  
  40  5:43  Zergling x6  
  40  5:44  Zergling x4  
  38  5:59  Baneling x4  
  38  6:00  Zergling x2  
  38  6:01  Zergling x6  
  42  6:07  Drone  
  41  6:19  Zergling x4  
  41  6:20  Zergling x2  
  43  6:31  Zergling x6  
  43  6:32  Zergling x6  
  45  6:42  Zergling x2  
  45  6:43  Drone  
  46  7:07  Baneling x3  
  46  7:09  Drone x2  
  46  7:10  Drone x2, Spire  
  46  7:13  Extractor  
  43  7:40  Baneling x3  
  38  7:54  Drone x5  
  38  7:55  Drone  
  38  7:58  Extractor, Drone  
  43  7:59  Drone x5  
  48  8:11  Overlord  
  48  8:12  Overlord  
  47  8:21  Hatchery  
  47  8:22  Mutalisk x2  
  50  8:32  Drone x2  
  50  8:33  Drone x2  
  54  8:36  Extractor  
  54  8:37  Zerg Flyer Weapons Level 1  
  53  8:46  Mutalisk  
  55  9:00  Drone x2  
  55  9:01  Drone  
  58  9:05  Mutalisk x2  
  58  9:06  Zergling x4  
  64  9:16  Mutalisk  
  66  9:18  Overlord x3  
  66  9:21  Drone  
  67  9:43  Hatchery  
  66  9:46  Mutalisk x3  
  69  10:07  Mutalisk x2  
  69  10:13  Mutalisk  
  75  10:14  Zergling x6  
  75  10:15  Zergling x12  
  75  10:16  Drone x3  
  85  10:50  Mutalisk x4  
  85  10:53  Drone  
  85  10:54  Drone x2  
  96  11:07  Extractor  
  96  11:08  Drone x3, Extractor  
  100  11:19  Extractor  
  100  11:21  Extractor  
Show
View Real Time Build Order
Export as new Build Order

Massa Terran - Winner!

Build Orders:  

Get SALT Encoding   

  12  0:00  SCV  
  13  0:12  SCV  
  14  0:18  Supply Depot  
  14  0:24  SCV  
  15  0:40  SCV  
  15  0:42  Barracks  
  16  0:47  Refinery  
  16  0:52  SCV  
  17  1:04  SCV  
  18  1:16  SCV  
  19  1:28  SCV  
  19  1:31  Barracks Reactor  
  20  1:35  Command Center  
  20  1:44  Orbital Command  
  20  1:55  Supply Depot  
  20  2:07  Marine  
  20  2:08  Marine  
  22  2:15  Factory  
  22  2:19  Supply Depot  
  22  2:25  Marine x2  
  24  2:34  SCV  
  25  2:43  Marine x2  
  27  2:49  Orbital Command  
  27  2:50  SCV  
  28  2:54  Refinery  
  28  3:03  Starport  
  28  3:15  Barracks Tech Lab, Hellion x2  
  28  3:18  SCV x2  
  34  3:32  SCV x2  
  36  3:37  Hellion x2  
  35  4:01  Banshee  
  38  4:03  Cloaking Field  
  38  4:15  Widow Mine x2  
  38  4:16  SCV x2  
  44  4:20  Barracks Tech Lab  
  44  4:28  SCV x2  
  44  4:40  SCV x2  
  44  4:47  Banshee  
  43  4:55  SCV x2  
  43  4:58  Command Center  
  45  5:00  Refinery  
  45  5:07  SCV x2  
  43  5:19  SCV x2  
  39  5:30  Banshee  
  42  5:40  Marine x2  
  44  5:57  Marine  
  44  5:58  Marine  
  46  6:13  Banshee, Siege Tank  
  46  6:15  Marine x2  
  54  6:33  Marine  
  52  6:45  Siege Tank  
  52  6:54  Marine x2  
  54  7:12  Marine x2  
  56  7:18  Siege Tank  
  59  7:28  Medivac  
  58  7:30  Marine x2  
  60  7:41  Barracks  
  57  7:44  Barracks  
  57  7:50  Siege Tank  
  60  7:54  Refinery  
  60  7:57  Supply Depot  
  60  7:58  Medivac, Supply Depot  
  60  7:59  Barracks, Supply Depot  
  60  8:02  Barracks  
  62  8:08  Engineering Bay  
  62  8:10  SCV x3  
  65  8:16  Marine x2  
  67  8:22  SCV x2  
  67  8:23  Supply Depot  
  67  8:24  Supply Depot  
  69  8:28  Siege Tank  
  69  8:33  Marine, Planetary Fortress  
  69  8:34  Marine  
  74  8:37  Barracks Tech Lab  
  74  8:38  Barracks Tech Lab  
  68  9:13  SCV x3  
  71  9:19  Marauder x2, Marine x4  
  71  9:20  Stimpack, Combat Shield  
  71  9:23  Siege Tank  
  82  9:25  SCV x3  
  85  9:31  Banshee  
  85  9:37  SCV x2  
  90  9:40  Marauder x2  
  94  9:55  Siege Tank  
  97  10:01  Marauder  
  97  10:02  Marauder  
  98  10:39  Concussive Shells  
  98  11:00  SCV x3  
  98  11:12  SCV x2  
Tags
 
Add a new tag
Caveats
  • Supply blocks, unpowered buildings, or Contaminate may cause inaccurate times.
  • Supply counts are checked every 10 seconds.